 Dungeon Crawl Stone Soup version 0.29.1-15-g9cfb28693d (webtiles) character file.

Game seed: 17466438475619178850

46 javelincjr the Conjurer (level 3, 0/23 HPs)
             Began as an Octopode Conjurer on Apr 2, 2023.
             Slain by an adder (3 damage)
             ... on level 2 of the Dungeon.
             The game lasted 00:04:55 (1595 turns).

javelincjr the Conjurer (Octopode Conjurer)         Turns: 1595, Time: 00:04:56

Health: 0/23       AC:  1    Str:  8    XL:     3   Next: 68%
Magic:  6/6        EV: 13    Int: 20    God:
Gold:   50         SH:  0    Dex: 10    Spells: 3/6 levels left

rFire   . . .      SeeInvis .   f - +4 mace
rCold   . . .      Faith    .   (no shield)
rNeg    . . .      Spirit   .   (helmet restricted)
rPois   .          Reflect  .   (no amulet)
rElec   .          Harm     .   (no ring)
rCorr   .          Rampage  .   (no ring)
Will    .....                   (no ring)
Stlth   +++.......              (no ring)
HPRegen 0.07/turn               (no ring)
MPRegen 0.10/turn               (no ring)
                                (no ring)
                                (no ring)

@: no status effects
A: almost no armour, amphibious, 8 rings, camouflage 1, gelatinous body 1,
(nimble swimmer 1), tentacles
a: no special abilities


You were on level 2 of the Dungeon.
You visited 1 branch of the dungeon, and saw 2 of its levels.

You collected 50 gold pieces.

Inventory:

Hand Weapons
 f - a +4 mace (weapon)
Magical Staves
 h - a staff of poison
Scrolls
 b - a scroll of fear {unknown}
 d - a scroll of poison {unknown}
 g - 2 scrolls of teleportation {unknown}
 i - a scroll of acquirement {unknown}
 j - 2 scrolls of noise {unknown}
Potions
 a - a potion of magic
 c - a potion of curing {unknown}
 e - a potion of attraction {unknown}


   Skills:
 * Level 1.1 Fighting
 + Level 2.3 Dodging
 + Level 3.1 Stealth
 + Level 0.9 Unarmed Combat
 * Level 2.3 Spellcasting
 * Level 4.3 Conjurations


You had 3 spell levels left.
You knew the following spells:

 Your Spells              Type           Power      Damage    Failure   Level
a - Magic Dart            Conj           76%        1d6       2%          1
b - Searing Ray           Conj           38%        2d5       3%          2

Your spell library contained the following spells:

 Spells                   Type           Power      Damage    Failure   Level
 Sandblast                Erth           4%         2d4       16%         1
 Dazzling Flash           Conj/Hex       22%        N/A       19%         3
 Stone Arrow              Conj/Erth      22%        3d8       19%         3
 Passwall                 Tmut/Erth      1%         N/A       24%         2
 Fulminant Prism          Conj/Hex       5%         3d7       52%         4
 Iskenderun's Mystic Bla  Conj/Tloc      11%        2d4       52%         4


Dungeon Overview and Level Annotations

Branches:
Dungeon (2/15)

Altars:

Shops:
D:2 :


Innate Abilities, Weirdness & Mutations

You cannot wear most types of armour.
You are amphibious.
You can wear up to eight rings at the same time.
Your skin changes colour to match your surroundings (Stealth+).
Your rubbery body absorbs attacks. (AC +1, EV +1)
((You are camouflaged when in or above water. (Stealth+)))
You have tentacles for arms and can constrict up to eight enemies at once.


Message History

A ball python comes into view. x2
The adder bites you. The adder barely misses you.
The ball python hisses angrily.
The hobgoblin shouts!
The ball python hisses angrily.
You sock the adder! You grab the adder.
The adder is severely wounded.
You constrict the adder. The adder completely misses you.
An adder comes into view.
The adder bites you.
You completely miss the adder.
The adder is almost dead.
You constrict the adder.
You kill the adder!
A goblin comes into view. It is wielding a +0 club.
The hobgoblin hits you but does no damage.
You hit the hobgoblin. You grab the hobgoblin.
The hobgoblin is heavily wounded.
You constrict the hobgoblin, but do no damage.
The hobgoblin closely misses you.
You hit the hobgoblin.
You kill the hobgoblin!
The ball python bites you. The ball python grabs you.
The ball python constricts you. The ball python barely misses you.
The ball python constricts you.
You hit the ball python.
You kill the ball python!
The ball python bites you. The ball python closely misses you.
You sock the ball python!
You kill the ball python!
The adder misses you. The adder bites you.
You hit the goblin.
You kill the goblin!
The adder bites you. x2
* * * LOW HITPOINT WARNING * * *
You closely miss the adder. Your grab misses the adder.
The adder barely misses you. The adder bites you but does no damage.
You sock the adder! Your grab misses the adder.
The adder is severely wounded.
The adder completely misses you. The adder bites you.
You die...

####### #.....#
#.....# ####.....#
#...#....##
##..#.#....#
##..#...#@†.#
#..#..∩.S#).#
#...#...#......
#....#.#.........
#.....#..........
#................
######.............
##.[................
#..#####........


You could see an adder.

Vanquished Creatures
  An adder (D:2)
  3 bats
  3 endoplasms (D:1)
  3 hobgoblins
  4 jackals (D:2)
  3 kobolds
  A quokka (D:1)
  4 ball pythons
  2 frilled lizards (D:1)
  3 goblins
  8 rats
35 creatures vanquished.

Notes
Turn   | Place    | Note
-------+----------+-------------------------------------------
     0 | D:1      | javelincjr the Octopode Conjurer began the quest for the
                  | Orb.
     0 | D:1      | Reached XP level 1. HP: 11/11 MP: 3/3
   504 | D:1      | Reached XP level 2. HP: 11/17 MP: 5/5
  1363 | D:2      | Reached XP level 3. HP: 21/22 MP: 6/6
  1464 | D:2      | Reached skill level 1 in Fighting
  1467 | D:2      | Learned a level 2 spell: Searing Ray
  1571 | D:2      | Found Etiufow's Book Boutique.
  1595 | D:2      | Slain by an adder

Illustrated notes

Levels and vault maps discovered:
D:1:      dpeg_chamrin_arrival_tetris, layout_basic,
          nicolae_concentric_dashed_squares_wild, patterned_corridor
D:2:      layout_rooms, hellmonk_ecumenical_altar_watching_god, serial_shops,
          nicolae_diamond_shop, basic_altar

Skill      XL: |  1  2  3 |
---------------+----------+-----
Stealth        | 3 |  3.1
Fighting       | 1 |  1.1
Dodging        | |  2.3
Unarmed Combat | |  0.9
Spellcasting   | |  2.3
Conjurations   | |  4.3

Action                   || total
-------------------------++-------
Melee: Unarmed           ||    28
       Tentacles         ||    14
       Constrict         ||    11
       Mace              ||    39
       Punch             ||     1
 Cast: Magic Dart        ||     1
       Searing Ray       ||     1
 Stab: Sleeping          ||    12
Armor: Skin              ||     5
Dodge: Dodged            ||    43
